 Dungeon Crawl Stone Soup version 0.29-a0-322-g68df515 (webtiles) character file.

Game seed: 2394440626198423511

1995 Illumine the Grappler (level 9, 0/81 HPs)
             Began as a Troll Hunter on Apr 9, 2022.
             Was a Priest of Okawaru.
             Slain by a gnoll
             ... wielding a +0 halberd
              (7 damage)
             ... on level 7 of the Dungeon.
             The game lasted 00:10:03 (5546 turns).

Illumine the Grappler (Troll Hunter)                Turns: 5546, Time: 00:10:04

Health: 0/81       AC:  5    Str: 25    XL:     9   Next: 1%
Magic:  7/10       EV: 13    Int:  5    God:    Okawaru [***...]
Gold:   400        SH:  0    Dex: 13    Spells: 8/8 levels left

rFire   . . .      SeeInvis .     - Unarmed
rCold   . . .      Faith    .   (no shield)
rNeg    + . .      Spirit   .   s - +0 robe {rN+}
rPois   .          Reflect  .   (helmet restricted)
rElec   .          Harm     .   t - +0 cloak
rCorr   +          Rampage  .   (gloves unavailable)
Will    .....                   (boots unavailable)
Stlth   +.........              u - amulet of the acrobat
HPRegen 1.03/turn               b - ring of resist corrosion
MPRegen 0.12/turn               (no ring)

@: lit by a corona, about to teleport, heroic, glowing
A: large, unfitting armour, claws 3, regeneration 1, shaggy fur 1, tough skin 1
a: Renounce Religion, Heroism


You were on level 7 of the Dungeon.
You worshipped Okawaru.
Okawaru was most pleased with you.
You visited 1 branch of the dungeon, and saw 7 of its levels.

You collected 400 gold pieces.

Inventory:

Hand Weapons
 a - a +1 hunting sling
 r - the +7 dagger "Blob" {speed, rF+ Will+ Str+5 Int-2}
   (You found it on level 3 of the Dungeon)

   Attacks with this weapon are significantly faster.
   Str:       It affects your strength (+5).
   Int:       It affects your intelligence (-2).
   rF:        It protects you from fire.
   Will:      It increases your willpower.
Missiles
 k - 171 stones (quivered)
 B - a throwing net
Armour
 s - a +0 robe of positive energy (worn)
 t - a +0 cloak (worn)
Jewellery
 b - a ring of resist corrosion (left claw)
 u - an amulet of the acrobat (around neck)
 F - a ring of fire
Wands
 p - a wand of polymorph (7)
 w - a wand of flame (22)
Scrolls
 c - 3 scrolls of immolation
 d - a scroll of vulnerability
 f - 3 scrolls of fear
 l - 2 scrolls of blinking
 m - 2 scrolls of teleportation
 n - 2 scrolls of silence {unknown}
 v - a scroll of magic mapping {unknown}
 y - a scroll of holy word {unknown}
 z - a scroll of fog {unknown}
 D - a scroll of identify
 E - a scroll of amnesia {unknown}
 G - a scroll of enchant armour {unknown}
Potions
 e - a potion of invisibility {unknown}
 g - 2 potions of heal wounds
 h - 3 potions of mutation
 i - a potion of might {unknown}
 j - 3 potions of curing
 o - a potion of attraction {unknown}
 q - a potion of brilliance {unknown}
 x - a potion of cancellation {unknown}
 A - a potion of haste
 C - a potion of magic {unknown}


   Skills:
 + Level 3.0(8.0) Fighting
 - Level 2.6(8.6) Slings
 + Level 4.9(10.5) Throwing
 + Level 3.1(8.1) Dodging
 - Level 0.3(5.3) Stealth
 * Level 8.0(13.0) Unarmed Combat
 + Level 3.8 Invocations


You had 8 spell levels left.
You didn't know any spells.
Your spell library contained the following spells:

 Spells                   Type           Power      Damage    Failure   Level
 Beastly Appendage        Tmut           0%         N/A       47%         1
 Magic Dart               Conj           0%         1d3       47%         1
 Static Discharge         Conj/Air       0%         N/A       63%         2
 Wereblood                Tmut           0%         N/A       63%         2
 Mephitic Cloud           Conj/Pois/Air  0%         N/A       85%         3
 Ozocubu's Armour         Ice            0%         N/A       85%         3
 Spider Form              Tmut/Pois      0%         N/A       85%         3
 Dispel Undead            Necr           0%         3d6       99%         4
 Leda's Liquefaction      Hex/Erth       0%         N/A       99%         4
 Sticky Flame             Conj/Fire      0%         2d3       99%         4
 Lee's Rapid Deconstruct  Erth           0%         3d5*      100%        5
 Statue Form              Tmut/Erth      0%         N/A       100%        6
 Ozocubu's Refrigeration  Ice            0%         4d5       100%        7
 Call Imp                 Summ           Unusable   N/A       N/A         2

Dungeon Overview and Level Annotations

Branches:
Dungeon (7/15)             Temple (0/1) D:4

Altars:
Elyvilon
Okawaru
Vehumet
Yredelemnul
Zin

Shops:
D:3 (

Annotations:
D:1 Terence
D:5 3 runed translucent doors, AlexanderH's ghost, novice DrEE


Innate Abilities, Weirdness & Mutations

You are too large for most types of armour.
You have claws for hands.
Your natural rate of healing is unusually fast.
You are covered in fur. (AC +1)
You have tough skin. (AC +1)


Message History

The gnoll hits you with a +0 flail. The gnoll barely misses you.
You scratch the gnoll but do no damage. You claw the gnoll.
The gnoll is almost dead.
The gnoll barely misses you. The gnoll hits you with a +0 flail!
You mangle the gnoll!!
You kill the gnoll!
Okawaru accepts your kill. The gnoll closely misses you.
The gnoll hits you from afar with a +0 spear.
Okay, then.
You gain the combat prowess of a mighty hero.
The gnoll barely misses you. The gnoll misses you.
The gnoll completely misses you. x2
Things that are here:
a +0 flail; a scroll labelled RESUDD ZOTRO You mangle the gnoll!!
You kill the gnoll!
Okawaru accepts your kill.
Your base Unarmed Combat skill increases to level 8!
You have reached level 9!
Your experience leads to an increase in your attributes!
Increase (S)trength, (I)ntelligence, or (D)exterity?
You feel stronger. x3
The gnoll hits you from afar with a +0 halberd!
* * * LOW HITPOINT WARNING * * *
The gnoll shaman hits you with a +0 whip!
* * * LOW HITPOINT WARNING * * *
Things that are here:
a +0 spear; a gnoll corpse You mangle the gnoll shaman!!
You kill the gnoll shaman!
Okawaru accepts your kill. The gnoll barely misses you.
Okay, then.
As you read the scroll of teleportation, it crumbles to dust.
You feel strangely unstable.
The gnoll hits you from afar with a +0 halberd.
* * * LOW HITPOINT WARNING * * *
The gnoll hits you from afar with a +0 halberd!
You die...

..............#....#.....#.......
..............#...####'###...).##
..............#...#............#
###...........'...#.........)..#
#...............#...g........#
#.......###≈###.#..g.........#
#.......#.#≈#.#..............#
#....[###.#≈#)###..#####.....#
#.....)[..#≈#.@)gg.# #.....#
#.....###.#≈#.###..# #.....#
#.......#.#≈#.#...## #.....'.
#.......###≈###.### #.....#.
#...............## .....#
#................#
#................#
###................#
...................#


You could see 2 gnolls.

Vanquished Creatures
  Sigmund (D:3)
  A water moccasin (D:6)
  2 orc warriors
  An ice beast (D:7)
  An ogre (D:5)
  A sky beast (D:5)
  4 bullfrogs
  A necrophage (D:5)
  4 scorpions
  A gnoll sergeant (D:6)
  3 hounds
  4 jellies
  A gnoll shaman (D:7)
  3 iguanas
  5 orc wizards
  10 gnolls
  7 adders
  2 dart slugs (D:1)
  12 orcs
  7 endoplasms
  5 giant cockroaches
  5 goblins
  6 hobgoblins
  2 jackals (D:2)
  9 kobolds
  4 quokkas
  9 ball pythons
  7 bats
  4 frilled lizards
  5 rats
127 creatures vanquished.

Notes
Turn   | Place    | Note
-------+----------+-------------------------------------------
     0 | D:1      | Illumine the Troll Hunter began the quest for the Orb.
     0 | D:1      | Reached XP level 1. HP: 19/19 MP: 0/0
    63 | D:1      | Reached skill level 1 in Unarmed Combat
    86 | D:1      | Reached skill level 1 in Throwing
    86 | D:1      | Reached XP level 2. HP: 25/27 MP: 1/1
   345 | D:1      | Reached skill level 2 in Unarmed Combat
   352 | D:1      | Reached XP level 3. HP: 33/33 MP: 2/2
   529 | D:1      | Found a faded altar of an unknown god.
   557 | D:2      | Noticed Terence
   931 | D:2      | Reached XP level 4. HP: 41/41 MP: 3/3
  1198 | D:3      | Reached skill level 3 in Unarmed Combat
  1455 | D:3      | Found Fionemy's Weapon Boutique.
  1464 | D:3      | Identified the +7 dagger "Blob" {speed, rF+ Will+ Str+5
                  | Int-2}
  1500 | D:3      | Found a faded altar of an unknown god.
  1500 | D:3      | Found a basalt altar of Yredelemnul.
  1508 | D:3      | Found a glowing silver altar of Zin.
  1510 | D:3      | Found a faded altar of an unknown god.
  1511 | D:3      | Noticed Sigmund
  1512 | D:3      | Found a radiant altar of Vehumet.
  1521 | D:3      | Killed Sigmund
  1522 | D:3      | Reached skill level 4 in Unarmed Combat
  1522 | D:3      | Reached XP level 5. HP: 46/48 MP: 4/4
  1558 | D:3      | Prayed at the altar of an unknown god.
  1558 | D:3      | Became a worshipper of Warmaster Okawaru
  1558 | D:3      | Reached * piety under Okawaru
  1613 | D:3      | Reached XP level 6. HP: 55/55 MP: 5/5
  2184 | D:4      | Found a staircase to the Ecumenical Temple.
  2337 | D:4      | Reached skill level 5 in Unarmed Combat
  2410 | D:4      | Reached skill level 1 in Invocations
  3171 | D:5      | Entered Level 5 of the Dungeon
  3205 | D:5      | Noticed a sky beast
  3260 | D:5      | Reached ** piety under Okawaru
  3261 | D:5      | Reached XP level 7. HP: 59/62 MP: 7/7
  3384 | D:5      | Reached skill level 6 in Unarmed Combat
  3800 | D:5      | Found a runed translucent gate.
  3801 | D:5      | Found a runed translucent gate.
  3802 | D:5      | Found a runed translucent gate.
  3804 | D:5      | Noticed AlexanderH's ghost (novice DrEE)
  3950 | D:6      | Reached XP level 8. HP: 66/72 MP: 9/9
  4004 | D:6      | Reached *** piety under Okawaru
  4105 | D:6      | Reached skill level 7 in Unarmed Combat
  4183 | D:6      | Found a white marble altar of Elyvilon.
  5544 | D:7      | Reached skill level 8 in Unarmed Combat
  5544 | D:7      | Reached XP level 9. HP: 28/81 MP: 7/10
  5546 | D:7      | Slain by a gnoll

Illustrated notes

Levels and vault maps discovered:
D:1:      grunt_arrival_crossed_arrows, layout_rooms,
          dreamdust_ecumenical_altar_hidden_monk_grotto
D:2:      layout_basic, grunt_ministairs_2, uniq_terence
D:3:      layout_loops_corners, chequers_temple_overflow_minitemple,
          serial_shops, nicolae_shop_bloodbath_and_beyond, uniq_sigmund
D:4:      layout_layer_cave, minmay_temple_entry_mist
D:5:      layout_basic, gammafunk_ghost_necromancy
D:6:      layout_cave_pods, elyvilon_altar_5, minmay_misc_feat_enclosed,
          kennysheep_generic_room_12
D:7:      minmay_evil_eye, layout_gridville, chequers_serial_rivers_room_a,
          grunt_decor_cap

Skill      XL: |  1  2  3  4  5  6  7  8 |
---------------+-------------------------+-----
Unarmed Combat | 1 2 4 5 6 8 |  8.0
Throwing       | 1 2 3 4 |  4.9
Invocations    | 1 2 3 |  3.8
Fighting       | 3 |  3.0
Dodging        | 3 |  3.1
Slings         | |  2.6
Stealth        | |  0.3

Action                   |  1- 3 |  4- 6 |  7- 9 || total
-------------------------+-------+-------+-------++-------
Melee: Unarmed           |   102 |    99 |   167 ||   368
       Punch             |     1 |     1 |     5 ||     7
Throw: Stone             |     4 |     3 |    54 ||    61
       Boomerang         |       |     7 |    10 ||    17
Invok: Heroism           |       |       |     1 ||     1
  Use: Scroll            |     1 |     5 |     4 ||    10
 Stab: Sleeping          |     2 |     3 |       ||     5
Armor: Robe              |    67 |    36 |    28 ||   131
Dodge: Dodged            |    66 |    43 |    74 ||   183

Table legend: (Time is in decaauts)
 A = Elapsed time spent in this place.
 B = Non-inter-level travel time spent in this place.
 C = Inter-level travel time spent in this place.
 D = Time resting spent in this place.
 E = Time spent auto-exploring this place.
 F = Levels seen in this place.
 G = Mean time per level.
                   A        B        C        D        E       F      G
               +--------+--------+--------+--------+--------+-----+--------+
         Total |   5513 |   5295 |    218 |    134 |   3934 |   7 |  787.6 |
       Dungeon |   5513 |   5295 |    218 |    134 |   3934 |   7 |  787.6 |
               +--------+--------+--------+--------+--------+-----+--------+

Top non-repeatable levels by time:
     D:4: 1025 daAuts
     D:6: 1018 daAuts
     D:3: 990 daAuts
     D:5: 740 daAuts
     D:1: 594 daAuts
     D:2: 585 daAuts
     D:7: 559 daAuts
